 Dungeon Crawl Stone Soup version 0.29.1-1-gd02db69 (webtiles) character file.

Game seed: 13980289567981800198

27 Vaargak the Gusty (level 2, 0/20 HPs)
             Began as a Draconian Air Elementalist on Sept 26, 2022.
             Slain by Jessica
             ... wielding a +0 dagger
              (1 damage)
             ... on level 2 of the Dungeon.
             The game lasted 00:09:47 (865 turns).

Vaargak the Gusty (Draconian Air Elementalist)       Turns: 865, Time: 00:09:48

Health: 0/20       AC: 11    Str: 10    XL:     2   Next: 93%
Magic:  4/5        EV: 12    Int: 15    God:
Gold:   0          SH:  0    Dex: 11    Spells: 4/5 levels left

rFire   . . .      SeeInvis .   g - +2 mace (protect)
rCold   . . .      Faith    .   (no shield)
rNeg    . . .      Spirit   .   (body armour unavailable)
rPois   .          Reflect  .   (helmet restricted)
rElec   .          Harm     .   (no cloak)
rCorr   .          Rampage  .   (no gloves)
Will    .....                   (no boots)
Stlth   ++........              (no amulet)
HPRegen 0.06/turn               (no ring)
MPRegen 0.09/turn               (no ring)

@: under a protective aura
A: AC +4, unfitting armour, cold-blooded
a: no special abilities


You were on level 2 of the Dungeon.
You visited 1 branch of the dungeon, and saw 2 of its levels.

Inventory:

Hand Weapons
 g - a +2 mace of protection (weapon)
Scrolls
 c - a scroll of enchant armour {unknown}
 e - 2 scrolls of summoning {unknown}
Potions
 b - 2 potions of heal wounds {unknown}
 f - a potion of curing {unknown}


   Skills:
 * Level 0.5 Maces & Flails
 + Level 2.0 Dodging
 + Level 2.0 Stealth
 + Level 2.2 Spellcasting
 + Level 1.1 Conjurations
 + Level 3.5 Air Magic


You had 4 spell levels left.
You knew the following spells:

 Your Spells              Type           Power      Damage    Failure   Level
a - Shock                 Conj/Air       32%        1d5       9%          1

Your spell library contained the following spells:

 Spells                   Type           Power      Damage    Failure   Level
 Static Discharge         Conj/Air       8%         3-4/arc   13%         2
 Swiftness                Air            12%        N/A       16%         3
 Airstrike                Air            6%         2d(1-17)  45%         4


Dungeon Overview and Level Annotations

Branches:
Dungeon (2/15)

Altars:

Shops:
D:1 [

Annotations:
D:2 Jessica, Robin


Innate Abilities, Weirdness & Mutations

Your plain brown scales are hard. (AC +4)
You cannot fit into any form of body armour.
You are cold-blooded and may be slowed by cold attacks.


Message History

The hobgoblin is almost dead.
You closely miss the hobgoblin.
The hobgoblin is almost dead.
You barely miss the hobgoblin. You tail-slap the hobgoblin.
You kill the hobgoblin!
The hobgoblin closely misses you. The hobgoblin hits you.
* * * LOW HITPOINT WARNING * * *
The hobgoblin attacks as you move away! The hobgoblin hits you.
* * * LOW HITPOINT WARNING * * *
The hobgoblin attacks as you move away! The hobgoblin hits you.
* * * LOW HITPOINT WARNING * * *
The hobgoblin attacks as you move away! The hobgoblin misses you.
You barely miss the hobgoblin.
Robin roars a battlecry!
The hobgoblins go into a battle-frenzy!
The hobgoblin barely misses you.
You closely miss the hobgoblin. The hobgoblin barely misses you.
Casting: Shock (safe; 9% risk of failure)
Confirm with . or Enter, or press ? or * to list all spells.
Aiming: Shock (safe; 9% risk of failure)
Press: ? - help, Shift-Dir - straight line The zap hits the hobgoblin.
The hobgoblin is heavily wounded.
The zap hits the hobgoblin but does no damage.
The hobgoblin is heavily wounded.
Jessica shouts, "I don't like beings like you!"
The hobgoblin barely misses you.
You hit the hobgoblin.
Your weapon exudes an aura of protection.
The hobgoblin is severely wounded.
The hobgoblin completely misses you.
The hobgoblin hits you but does no damage.
Jessica mumbles some strange words.
Jessica blinks!
You hit the hobgoblin.
You kill the hobgoblin!
You hit Jessica.
Jessica is moderately wounded.
Jessica hits you with a +0 dagger.
You die...

.... .g.g
## .#.#
..## ...
#!.## .#.#
. ... ...g
...####
#.## ..#.#
#.....##..#
....#
#@@g§.#
#.....
####..##
##......
#...###
#g@.(...
###...# #<#
###$###@#
#.#.))#
#@..###
#####


You could see Jessica and a hobgoblin (strong).

Vanquished Creatures
  A dart slug (D:1)
  2 endoplasms
  8 goblins
  5 hobgoblins (D:2)
  A ball python (D:2)
  A bat (D:1)
  A frilled lizard (D:1)
  2 kobolds (D:1)
  2 rats (D:1)
23 creatures vanquished.

Notes
Turn   | Place    | Note
-------+----------+-------------------------------------------
     0 | D:1      | Vaargak the Draconian Air Elementalist began the quest for
                  | the Orb.
     0 | D:1      | Reached XP level 1. HP: 14/14 MP: 3/3
   205 | D:1      | Found Qoumesh's Armour Shoppe.
   383 | D:1      | Reached XP level 2. HP: 20/20 MP: 1/5
   615 | D:1      | Found a faded altar of an unknown god.
   720 | D:2      | Noticed Robin
   823 | D:2      | Noticed Jessica
   858 | D:2      | HP: 1/20 [hobgoblin[Robin] (3)]
   865 | D:2      | Slain by Jessica

Illustrated notes

Levels and vault maps discovered:
D:1:      saegor_arrival_simple_d, layout_basic, serial_shops,
          nicolae_shop_stone, hellmonk_ecumenical_altar_leap_of_faith
D:2:      layout_rooms, uniq_jessica, uniq_sigmund, uniq_robin

Skill      XL: |  1  2 |
---------------+-------+-----
Stealth        | 2 |  2.0
Dodging        | 2 |  2.0
Maces & Flails | |  0.5
Spellcasting   | |  2.2
Conjurations   | |  1.1
Air Magic      | |  3.5

Action                   || total
-------------------------++-------
Melee: Short sword       ||     7
       Tailslap          ||     4
       Unarmed           ||     3
       Mace              ||    19
       Punch             ||     1
 Cast: Shock             ||    23
  Use: Potion            ||     1
Armor: Skin              ||     9
Dodge: Dodged            ||    29
